 Dungeon Crawl Stone Soup version 0.24-b1-44-g37ad8b309f (webtiles) character file.

Game seed: 9454731518668045497, levelgen mode: deterministic

2032 Emblim88 the Grappler (level 9, 0/88 HPs)
             Began as a Troll Monk on Oct 23, 2019.
             Was a Believer of Qazlal.
             Succumbed to a killer bee's poison
             ... on level 6 of the Dungeon.
             The game lasted 00:12:01 (5388 turns).

Emblim88 the Grappler (Troll Monk)                  Turns: 5388, Time: 00:12:01

Health: 0/88       AC:  7    Str: 25 (27) XL:     9   Next: 3%
Magic:  10/10      EV: 12    Int:  4 (6)  God:    Qazlal [**....]
Gold:   326        SH:  2    Dex: 13 (14) Spells: 8/8 levels left

rFire    . . .     SeeInvis .     - Unarmed
rCold    . . .     Gourm    +   (no shield)
rNeg     . . .     Faith    .   a - +0 robe
rPois    .         Spirit   .   (helmet restricted)
rElec    .         Reflect  .   n - +0 cloak
rCorr    .         Harm     .   (gloves unavailable)
MR       .....                  (boots unavailable)
Stlth    +.........             (no amulet)
HPRegen  0.64/turn              (no ring)
MPRegen  0.12/turn              (no ring)

@: mighty, lethally poisoned (0 -> -27)
A: large, unfitting armour, claws 3, fast metabolism 3, gourmand, regeneration
1, shaggy fur 1, tough skin 3
a: Upheaval, Renounce Religion


You were on level 6 of the Dungeon.
You worshipped Qazlal.
Qazlal was pleased with you.
You were not hungry.

You visited 2 branches of the dungeon, and saw 8 of its levels.
You also visited: Ossuary.

You collected 326 gold pieces.

Inventory:

Missiles
 h - 39 poisoned darts (quivered)
Armour
 a - a +0 robe (worn)
 n - a +0 cloak (worn)
Wands
 q - a wand of acid (5)
 A - a wand of clouds (4)
 B - a wand of scattershot (5)
Scrolls
 c - 2 scrolls of remove curse
 d - a scroll of teleportation
 f - a scroll of enchant armour
 j - 2 scrolls of amnesia {unknown}
 k - 2 scrolls of magic mapping
 l - 2 scrolls of enchant weapon
 o - a scroll of fear {unknown}
 r - 3 scrolls of fog {unknown}
 t - 4 scrolls of identify
 x - 2 scrolls of random uselessness {unknown}
 y - 2 scrolls of blinking {unknown}
Potions
 e - 2 potions of magic {unknown}
 g - 2 potions of flight {unknown}
 i - 6 potions of curing {unknown}
 m - 2 potions of ambrosia
 p - 4 potions of degeneration
 u - a potion of berserk rage {unknown}
 v - 2 potions of might
 w - 2 potions of haste {unknown}
 z - a potion of lignification {unknown}
 C - a potion of mutation {unknown}
 D - 2 potions of brilliance {unknown}
 E - 2 potions of resistance
Comestibles
 b - 7 rations


   Skills:
 + Level 5.0 Fighting
 + Level 5.0 Dodging
 - Level 1.0 Stealth
 * Level 8.0 Unarmed Combat
 * Level 3.8 Invocations
 * Level 2.0 Evocations


You had 8 spell levels left.
You didn't know any spells.
Your spell library contained the following spells:

 Spells                   Type           Power        Failure   Level  Hunger
 Beastly Appendage        Tmut           #.....       50%         1    ##.....
 Sticks to Snakes         Tmut           #.......     65%         2    ###....
 Spider Form              Tmut/Pois      #.........   86%         3    ####...
 Ice Form                 Ice/Tmut       #.......     99%         4    #####..
 Blade Hands              Tmut           #.........   100%        5    ######.


Dungeon Overview and Level Annotations

Branches:
Dungeon (7/15)             Temple (1/1) D:5         Ossuary (visited)

Altars:
Ashenzari
Cheibriados
Dithmenos
Elyvilon
Fedhas
Gozag
Hepliaklqana
Kikubaaqudgha
Makhleb
Nemelex Xobeh
Okawaru
Qazlal
Ru
Sif Muna
Trog
Vehumet
Wu Jian
Xom
Yredelemnul
Zin
The Shining One

Shops:
D:6 =

Annotations:
D:3 2 transporters, Emblim88's ghost, amateur GrMo


Innate Abilities, Weirdness & Mutations

You are too large for most types of armour.
You have claws for hands.
Your metabolism is lightning-fast.
You like to eat raw meat.
Your natural rate of healing is unusually fast.
You are covered in fur. (AC +1)
You have extremely tough skin. (AC +3)


Message History

* * * LOW HITPOINT WARNING * * *
You are more poisoned.
The killer bee poisons you! The killer bee stings you!
* * * LOW HITPOINT WARNING * * *
You are more poisoned.
The killer bee poisons you! The killer bee completely misses you.
The killer bee misses you.
It was a potion of might.
You feel very mighty all of a sudden.
* * * LOW HITPOINT WARNING * * *
You feel very sick. The killer bee closely misses you.
The killer bee stings you but does no damage.
The killer bee completely misses you.
The killer bee stings you but does no damage.
You claw the killer bee!
You kill the killer bee!
Qazlal accepts your kill.
Your Dodging skill increases to level 5!
You die...

#.#
#..######...##...#
#.#
#...........##.#.#
#.#
#.................
#.#
#.######.#.###.###
#.# #.# #.#.# #.###
#.# #.# #.#.# #.#..
#.########.# #.#.#
#.#.# #......>.#)#
#.#.###.#.#
########.#@#
#....##.<.> #.#y#
###(.##.∩..
#.#y########..###...
#.............# ##.#
###.#########.####.#
#.# #....... #.#
#######.
#.###############.
#.................


You could see 2 killer bees.

Vanquished Creatures
  An oklob plant (D:5)
  A wandering mushroom (D:5)
  A phantom (D:6)
  A black bear (D:6)
  An ice beast (D:5)
  2 sky beasts (D:5)
  3 ogres
  3 water moccasin zombies (Ossuary)
  A scorpion (D:7)
  2 killer bees
  3 howler monkeys
  3 crimson imps (D:5)
  2 jellies (D:6)
  Crazy Yiuf (D:2)
  A bullfrog skeleton (D:4)
  4 hounds
  2 orc wizards
  Natasha (thrice) (D:2)
  3 worker ants
  4 big kobold zombies (Ossuary)
  2 mummies (Ossuary)
  Robin (D:2)
  4 gnolls (D:5)
  5 adders
  An ooze (D:5)
  2 adder skeletons (D:4)
  6 adder zombies (Ossuary)
  5 worms (D:2)
  A dart slug (D:3)
  A leopard gecko (D:4)
  17 orcs
  A ball python (D:6)
  6 giant cockroaches
  17 goblins
  13 hobgoblins
  3 jackals (D:2)
  5 quokkas
  5 bats
  8 frilled lizards
  2 gnoll zombies (Ossuary)
  A hobgoblin zombie (Ossuary)
  A jackal skeleton (D:3)
  3 kobolds
  6 kobold zombies (Ossuary)
  4 orc zombies (Ossuary)
  A quokka zombie (D:6)
  9 rats
  A rat zombie (D:6)
173 creatures vanquished.

Notes
Turn   | Place    | Note
-------+----------+-------------------------------------------
     0 | D:1      | Emblim88 the Troll Monk began the quest for the Orb.
     0 | D:1      | Reached XP level 1. HP: 22/22 MP: 0/0
   203 | D:1      | Reached XP level 2. HP: 29/29 MP: 1/1
   813 | D:2      | Noticed Robin
   829 | D:2      | Reached XP level 3. HP: 31/36 MP: 2/2
   840 | D:2      | Killed Robin
   892 | D:2      | Reached skill level 4 in Unarmed Combat
  1025 | D:2      | Found a glowing golden altar of the Shining One.
  1080 | D:2      | Reached XP level 4. HP: 44/44 MP: 3/3
  1212 | D:2      | Found a runed translucent door.
  1213 | D:2      | Noticed Crazy Yiuf
  1433 | D:2      | Noticed Natasha
  1443 | D:2      | Killed Natasha
  1498 | D:2      | Noticed Natasha
  1505 | D:2      | Killed Natasha
  1652 | D:2      | Reached XP level 5. HP: 45/53 MP: 4/4
  1718 | D:2      | Noticed Natasha
  1726 | D:2      | Killed Natasha
  2095 | D:2      | Killed Crazy Yiuf
  2095 | D:2      | Reached skill level 5 in Unarmed Combat
  2388 | D:3      | Found a faded altar of an unknown god.
  2503 | D:3      | Found a transporter.
  2504 | D:3      | Noticed Emblim88's ghost (amateur GrMo)
  2529 | D:3      | Found a transporter.
  2765 | D:3      | Reached XP level 6. HP: 61/61 MP: 5/5
  2971 | D:4      | Found a bloodstained altar of Trog.
  3235 | D:5      | Entered Level 5 of the Dungeon
  3249 | D:5      | Reached skill level 6 in Unarmed Combat
  3290 | D:5      | Reached XP level 7. HP: 67/68 MP: 6/6
  3424 | D:5      | Found a staircase to the Ecumenical Temple.
  3436 | Temple   | Entered the Ecumenical Temple
  3830 | Temple   | Became a worshipper of Fedhas Madash
  3830 | Temple   | Reached * piety under Fedhas
  3830 | Temple   | Reached ** piety under Fedhas
  3995 | D:5      | Found a stormy altar of Qazlal.
  3998 | D:5      | Found a shimmering altar of Xom.
  3998 | D:5      | Found a bloodstained altar of Trog.
  4023 | D:5      | Fell from the grace of Fedhas
  4023 | D:5      | Became a worshipper of Qazlal Stormbringer
  4198 | D:5      | Reached skill level 7 in Unarmed Combat
  4198 | D:5      | Reached skill level 1 in Invocations
  4256 | D:5      | Reached XP level 8. HP: 79/79 MP: 8/8
  4274 | D:5      | Noticed an oklob plant
  4274 | D:5      | Noticed a wandering mushroom
  4280 | D:5      | Killed an oklob plant
  4582 | D:6      | Found Kubampaw's Jewellery Emporium.
  4805 | D:6      | Found a sand-covered staircase.
  4839 | D:6      | Reached skill level 1 in Evocations
  4871 | Ossuary  | Entered an ossuary
  4890 | Ossuary  | Reached * piety under Qazlal
  5108 | D:6      | Reached skill level 8 in Unarmed Combat
  5121 | D:6      | Found an iron altar of Okawaru.
  5162 | D:6      | Found a shadowy altar of Dithmenos.
  5162 | D:6      | Found a sacrificial altar of Ru.
  5369 | D:7      | Reached ** piety under Qazlal
  5369 | D:7      | Reached skill level 5 in Fighting
  5369 | D:7      | Reached XP level 9. HP: 27/88 MP: 10/10
  5387 | D:6      | HP: 2/88 [poisoned by a killer bee]
  5388 | D:6      | Reached skill level 5 in Dodging
  5388 | D:6      | Succumbed to a killer bee's poison

Skill      XL: |  1  2  3  4  5  6  7  8  9 |
---------------+----------------------------+-----
Unarmed Combat | 4 5 6 7 8 |  8.0
Fighting       | 3 4 5 |  5.0
Dodging        | 3 4 5 |  5.0
Invocations    | 1 3 |  3.8
Evocations     | 2 |  2.0
Stealth        | |  1.0

Action                   |  1- 3 |  4- 6 |  7- 9 || total
-------------------------+-------+-------+-------++-------
Melee: Unarmed           |    92 |   155 |   247 ||   494
       Punch             |       |     3 |     6 ||     9
  Use: Scroll            |       |     6 |       ||     6
       Potion            |       |       |     7 ||     7
 Stab: Sleeping          |     1 |     8 |     4 ||    13
  Eat: Chunk             |    13 |    22 |     6 ||    41
       Ration            |       |       |     2 ||     2
Armor: Robe              |    28 |    38 |    76 ||   142
Dodge: Dodged            |    46 |    83 |   147 ||   276
Block: Other             |       |       |     7 ||     7
